cohdb
Replays
Latest Replays
All Replays
Popular Replays
Top Player Replays
Match Explorer
How It Works
Community
CoH3 Stats
Reddit
Sign in to upload your games and track your stats! →
Sign in with Steam
Match 45651894
Unlisted
Match 45651894
Overview
Messages
Build Orders
End
Kradschützen Motorcycle Team
Selects Panzerjäger Kommand Battlegroup
Selects Blockade Equipment
Panzergrenadier Squad
250 Light Carrier
Construct Light Support Kompanie
Combat Half-tracks
Advanced Field Repairs
Selects Tank Busters
250 Light Carrier
Construct Mechanized Kompanie
Vehicle Survival Package
Support Armor Elements
Panzerjäger Mechanized Group
StuG III D Assault Gun
Emergency Repair Kits
StuG III D Assault Gun
Selects Crew Shock Tactics
FLOKL
nierenbrei
Hirai Yuzuru
Kamooos
Mihono Bourbon
Taka_nL
0
0
Comments
sign in to comment!
No comments posted yet!